 Dungeon Crawl Stone Soup version 0.23-b1-51-gfe822ef6ca (webtiles) character file.

Game seed: 724203122720921302

204 Grim the Skirmisher (level 5, -2/91 HPs)
             Began as an Ogre Berserker on Feb 4, 2019.
             Was a Priest of Trog.
             Slain by a hobgoblin (4 damage)
             ... led by Robin
             ... on level 4 of the Dungeon.
             The game lasted 00:07:04 (4774 turns).

Grim the Skirmisher (Ogre Berserker)                Turns: 4774, Time: 00:07:05

Health: -2/91      AC:  3    Str: 26    XL:     5   Next: 82%
Magic:  5/5        EV: 10    Int:  8    God:    Trog [***...]
Gold:   104        SH:  0    Dex:  9    Spells: 4/4 levels left

rFire    . . .     SeeInvis .   a - +1 mace
rCold    . . .     Gourm    .   (no shield)
rNeg     . . .     Faith    .   b - +0 animal skin
rPois    .         Spirit   .   (helmet restricted)
rElec    .         Reflect  .   c - scarf {cloud immunity}
rCorr    .         Harm     .   (gloves unavailable)
MR       ++...                  (boots unavailable)
Stlth    ..........             (no amulet)
HPRegen  1.25/turn              (no ring)
MPRegen  0.09/turn              (no ring)

@: berserking, lethally poisoned (-2 -> -7), regenerating, drained, very quick
A: large, unfitting armour, tough skin 1
a: Berserk, Trog's Hand, Renounce Religion


You were on level 4 of the Dungeon.
You worshipped Trog.
Trog was most pleased with you.
You were near starving.

You visited 1 branch of the dungeon, and saw 4 of its levels.

You collected 104 gold pieces.

Inventory:

Hand Weapons
 a - a +1 mace (weapon)
Armour
 b - a +0 animal skin (worn)
 c - a scarf of cloud immunity (worn)
Wands
 n - a wand of enslavement (10)
 r - a wand of digging (6)
Scrolls
 g - 2 scrolls of teleportation
 o - 2 scrolls of enchant weapon
 p - 2 scrolls of remove curse
 q - a scroll of enchant armour {unknown}
Potions
 d - a potion of flight
 e - a potion of brilliance {unknown}
 f - a potion of haste
 i - a potion of lignification {unknown}
 j - a potion of agility {unknown}
 k - a potion of ambrosia {unknown}
 l - a potion of curing {unknown}
 m - a potion of heal wounds {unknown}
Comestibles
 s - 2 chunks of flesh


   Skills:
 + Level 6.5(5.5) Fighting
 + Level 4.4(3.5) Maces & Flails
 - Level 2.6(1.7) Dodging


You had 4 spell levels left.
You didn't know any spells.
Your spell library was empty.

Dungeon Overview and Level Annotations

Branches:
Dungeon (4/15)
 Temple: D:4-7

Altars:
Nemelex Xobeh
Okawaru
Qazlal
Ru
Vehumet
Wu Jian


Innate Abilities, Weirdness & Mutations

You are too large for most types of armour.
You have tough skin. (AC +1)


Message History

You kill the orc!
Trog accepts your kill.
You feel sick. The goblin barely misses you.
The goblin hits you with a +0 club.
* * * LOW HITPOINT WARNING * * *
The hobgoblin hits you.
* * * LOW HITPOINT WARNING * * *
You closely miss the orc.
* * * LOW HITPOINT WARNING * * *
You feel sick. The orc hits you but does no damage.
An orc comes into view. It is wielding a -3 falchion.
The goblin barely misses you. The orc hits you but does no damage.
You barely miss the orc.
* * * LOW HITPOINT WARNING * * *
You feel sick.
The orc shouts!
The goblin hits you with a +0 club.
* * * LOW HITPOINT WARNING * * *
The hobgoblin hits you.
You die...

..... .....
...... ......
####......
..g......
#gg......
#@g......
......ogo......
..o............
#.#....##.#....
#.##. .# ...
.o. .. .. #.
##. ## .. . ...


You could see an orc wizard, 3 orcs, a hobgoblin and 4 goblins.

Vanquished Creatures
  Jessica (D:2)
  Robin (D:4)
  7 adders
  A worm (D:3)
  5 dart slugs
  3 leopard geckos
  3 orcs
  A ball python (D:1)
  10 bats
  5 giant cockroaches
  11 goblins
  11 hobgoblins
  2 jackals (D:3)
  10 kobolds
  3 quokkas
  3 frilled lizards
  8 rats
  3 bushes (D:2)
88 creatures vanquished.

Notes
Turn   | Place    | Note
-------+----------+-------------------------------------------
     0 | D:1      | Grim the Ogre Berserker began the quest for the Orb.
     0 | D:1      | Reached XP level 1. HP: 24/24 MP: 1/1
   241 | D:1      | Reached XP level 2. HP: 20/33 MP: 2/2
   635 | D:1      | Reached XP level 3. HP: 39/41 MP: 3/3
   641 | D:1      | Reached ** piety under Trog
  1081 | D:2      | Reached skill level 5 in Fighting
  1312 | D:2      | Reached XP level 4. HP: 42/50 MP: 4/4
  1602 | D:2      | Noticed Jessica
  1611 | D:2      | Killed Jessica
  2276 | D:2      | Reached XP level 5. HP: 59/59 MP: 5/5
  3087 | D:3      | Reached skill level 6 in Fighting
  3542 | D:3      | Found an iron altar of Okawaru.
  3752 | D:3      | Found a sacrificial altar of Ru.
  3753 | D:3      | Found a stormy altar of Qazlal.
  3755 | D:3      | Found an ornate altar of the Wu Jian Council.
  4148 | D:3      | Found a sparkling altar of Nemelex Xobeh.
  4152 | D:3      | Found a radiant altar of Vehumet.
  4462 | D:4      | Noticed Robin
  4481 | D:3      | Reached *** piety under Trog
  4771 | D:4      | Killed Robin
  4774 | D:4      | HP: 4/91 [poisoned by an orc]
  4774 | D:4      | Slain by a hobgoblin

Skill      XL: |  1  2  3  4  5 |
---------------+----------------+-----
Maces & Flails | 3 4 |  4.4
Fighting       | 5 6 |  6.5
Dodging        | |  2.6

Action                   |  1- 3 |  4- 6 || total
-------------------------+-------+-------++-------
Melee: Mace              |   115 |   519 ||   634
Invok: Berserk           |       |     2 ||     2
       Trog's Hand       |       |     1 ||     1
  Use: Scroll            |       |     7 ||     7
  Eat: Chunk             |     1 |     3 ||     4
       Ration            |       |     3 ||     3
Armor: Animal skin       |    49 |    96 ||   145
Dodge: Dodged            |    66 |   204 ||   270
